 Dungeon Crawl Stone Soup version 0.31.0-2-g5a2aebc5c2 (webtiles) character file.

Game seed: 8022985689688865565

49 bpung the Changeling (level 3, -3/33 HPs)
             Began as a Troll Shapeshifter on Jan 20, 2024.
             Constricted to death by Ijyb (8 damage)
             ... on level 3 of the Dungeon.
             The game lasted 00:02:23 (1310 turns).

bpung the Changeling (Troll Shapeshifter)           Turns: 1310, Time: 00:02:24

Health: -3/33      AC:  4    Str: 24    XL:     3   Next: 53%
Magic:  2/2        EV:  7    Int:  6    God:
Gold:   160        SH:  0    Dex:  9    Spells: 2/2 levels left

rFire   . .          .
                       - Unarmed
rCold   . . .        (no shield)
rNeg    . . .        a - +0 animal skin
rPois   .            (helmet currently unavailable)
rElec   .            (cloak currently unavailable)
rCorr   .            (gloves unavailable)
SInv    .            (boots unavailable)
Will    +....        (no amulet)
Stlth   +            h - ring of willpower
HPRegen 1.05/turn    (no ring)
MPRegen 0.08/turn

%: no passive effects
@: beast-form, grasped by roots, constricted, invisible
A: beast (slay +2), large, unfitting armour, claws 3, regeneration 1, shaggy fur
1, tough skin 1
a: Begin Untransformation


You were on level 3 of the Dungeon.
You were a hulking beast.
You visited 1 branch of the dungeon, and saw 3 of its levels.

You collected 160 gold pieces.

Inventory:

Armour
 a - a +0 animal skin (worn)
Jewellery
 h - a ring of willpower (left claw)
Talismans
 c - a beast talisman
 d - a flux talisman
Scrolls
 e - 5 scrolls of identify {unknown}
 g - a scroll of brand weapon {unknown}
 i - a scroll of enchant weapon {unknown}
 j - a scroll of noise {unknown}
 k - a scroll of fear {unknown}
 l - a scroll of vulnerability {unknown}
Potions
 b - 3 potions of lignification


   Skills:
 + Level 1.3 Fighting
 + Level 2.0 Dodging
 + Level 3.3 Unarmed Combat
 * Level 3.6 Shapeshifting


You had 2 spell levels left.
You didn't know any spells.
Your spell library contained the following spells:

 Spells                   Type           Power      Damage    Failure   Level
 Ensorcelled Hibernation  Hex/Ice        0%         N/A       58%         2
 Fugue of the Fallen      Necr           0%         N/A       83%         3
 Inner Flame              Hex/Fire       0%         N/A       83%         3
 Anguish                  Hex/Necr       0%         N/A       99%         4
 Flame Wave               Conj/Fire      0%         2d4       99%         4
 Sticky Flame             Fire/Alch      0%         2d4       99%         4


Dungeon Overview and Level Annotations

Branches:
Dungeon (3/15)

Altars:
Okawaru

Annotations:
D:3 Ijyb


Innate Abilities, Weirdness & Mutations

You are a hulking beast.
Your limbs bulge with bestial killing power. (Slay +2)
You are too large for most types of armour.
You have claws for hands.
Your natural rate of healing is unusually fast.
You are covered in fur. (AC +1)
You have tough skin. (AC +1)


Message History

You are caught in a web!
You struggle to detach yourself from the web.
The ribbon worm bites you but does no damage.
The web tears apart.
You scratch the ribbon worm.
You kill the ribbon worm!
You see here a ribbon worm corpse.
Ijyb the Twisted Goblin comes into view.
She is wielding a +3 dagger and carrying a wand of roots.
Ijyb shouts!
Ijyb zaps a wand.
The roots erupt in riotous growth!
The grasping roots grab you! The grasping roots constrict you.
You escape the roots grasp.
A giant cockroach comes into view.
Ijyb zaps a wand.
The roots erupt in riotous growth!
The grasping roots grab you!
Ijyb is unaffected.
The grasping roots constrict you.
You barely miss Ijyb. Ijyb hits you with a +3 dagger.
The grasping roots constrict you.
You scratch Ijyb.
Ijyb is moderately wounded.
The giant cockroach bites you. Ijyb hits you with a +3 dagger.
The grasping roots constrict you.
You completely miss Ijyb.
Ijyb is moderately wounded.
The giant cockroach bites you but does no damage.
Ijyb hits you with a +3 dagger.
* * * LOW HITPOINT WARNING * * *
The grasping roots constrict you.
* * * LOW HITPOINT WARNING * * *
The grasping roots release their grip on you.
It was a potion of invisibility.
You fade into invisibility!
The giant cockroach barely misses you. x2; Ijyb hits you with a +3 dagger.
* * * LOW HITPOINT WARNING * * *
The giant cockroach misses you.
Ijyb zaps a wand.
The roots erupt in riotous growth!
The grasping roots grab you!
The giant cockroach is unaffected.
The grasping roots constrict you!
You die...

#[.......# #.#.
##.#.###.# .
######.#.# #.#
#....†...# #.. .
#.####.### #### #.
#.#####.####.# ##
#..........#.#
........##.#.#
##########h#.#####
#..B......
#.....g....###
...###...##.# .
##.## # #.# #.#
#.# #.#


You could see Ijyb (unable to see you) and a giant cockroach (unable to see
you).

Vanquished Creatures
  An adder (D:3)
  2 dart slugs
  A ribbon worm (D:3)
  3 orcs (D:3)
  3 bats (D:1)
  2 endoplasms
  2 giant cockroaches (D:2)
  4 goblins
  A hobgoblin (D:3)
  2 quokkas (D:1)
  4 ball pythons
  A frilled lizard (D:1)
  2 rats
28 creatures vanquished.

Notes
Turn   | Place    | Note
-------+----------+-------------------------------------------
     0 | D:1      | bpung the Troll Shapeshifter began the quest for the Orb.
     0 | D:1      | Reached XP level 1. HP: 18/18 MP: 0/0
    42 | D:1      | Found a faded altar of an unknown god.
   118 | D:1      | Reached skill level 1 in Fighting
   213 | D:1      | Reached XP level 2. HP: 27/27 MP: 1/1
  1206 | D:3      | Reached XP level 3. HP: 28/33 MP: 2/2
  1229 | D:3      | Found an iron altar of Okawaru.
  1302 | D:3      | Noticed Ijyb
  1310 | D:3      | Constricted to death by Ijyb

Illustrated notes

Levels and vault maps discovered:
D:1:      dpeg_arrival_orchard, layout_rooms, hellmonk_ecumenical_altar_lost_god
D:2:      minmay_angry_zag, layout_loops_ring, minivault_5,
          dreamdust_wishing_well
D:3:      layout_loops_ring, trog_wizard, okawaru_trees_1, chequers_garden,
          uniq_ijyb

Skill      XL: |  1  2  3 |
---------------+----------+-----
Fighting       | 1 |  1.3
Dodging        | 2 |  2.0
Unarmed Combat | |  3.3
Shapeshifting  | |  3.6

Action                     || total
---------------------------++-------
  Melee: Unarmed           ||    57
    Use: Potion            ||     1
 Armour: Animal skin       ||    44
  Dodge: Dodged            ||    34
